 Dungeon Crawl Stone Soup version 0.18.1-8-gdd0e5ea (webtiles) character file.

93 st0uf the Charmwright (level 4, -4/37 HPs)
             Began as a Draconian Skald on May 29, 2016.
             Killed from afar by a raiju (23 damage)
             ... with a living lightning
             ... on level 1 of the Abyss.
             The game lasted 00:08:20 (2300 turns).

st0uf the Charmwright (Draconian Skald)             Turns: 2300, Time: 00:08:21

Health: -4/37      AC:  5    Str: 15    XL:     4   Next: 36%
Magic:  7/7        EV: 12    Int: 13    God:
Gold:   25         SH:  0    Dex: 10    Spells: 1 memorised, 6 levels left

rFire  . . .     SeeInvis .     a - +0 mace
rCold  . . .     Gourm    .     (armour unavailable)
rNeg   . . .     Faith    .     (no shield)
rPois  .         Spirit   .     (helmet restricted)
rElec  .         Dismiss  .     (no cloak)
rCorr  .         Reflect  .     (no gloves)
SustAt .         Harm     .     (no boots)
MR     .....                    (no amulet)
Stlth  +.........               (no ring)
                                (no ring)

@: not resistant to hostile enchantments, very unstealthy
A: unfitting armour, cold-blooded, AC +5
a: no special abilities


You were on level 1 of the Abyss.
You were not hungry.

You visited 1 branch of the dungeon, and saw 3 of its levels.
You visited the Abyss 1 time.

You collected 25 gold pieces.

Inventory:

Hand Weapons
 a - a +0 mace (weapon)
Scrolls
 f - a scroll of blinking {unknown}
 g - 2 scrolls of recharging {unknown}
 i - 3 scrolls of identify {unknown}
 l - a scroll of remove curse {unknown}
Potions
 d - 2 potions of flight {unknown}
 e - a potion of might {unknown}
 k - a potion of heal wounds {unknown}
Books
 b - a book of Battle

   Spells                             Type                      Level
   a - Infusion                       Charms                       1
   b - Shroud of Golubria             Charms/Translocation         2
   c - Song of Slaying                Charms                       2
   d - Spectral Weapon                Hexes/Charms                 3
   e - Regeneration                   Charms/Necromancy            3
Comestibles
 c - 3 bread rations
 h - a beef jerky
 j - 4 chunks of flesh


   Skills:
 + Level 2.5 Fighting
 + Level 2.4 Maces & Flails
 + Level 2.4 Dodging
 + Level 2.3 Spellcasting
 + Level 3.5 Charms


You had 6 spell levels left.
You knew the following spells:

 Your Spells              Type           Power        Failure   Level  Hunger
a - Infusion              Chrm           ##..         8%          1    #......


Dungeon Overview and Level Annotations

Branches:
Dungeon (3/15)

Altars:
Ashenzari
Fedhas
Qazlal
Zin


Innate Abilities, Weirdness & Mutations

Your plain brown scales are hard (AC +5).
Your body does not fit into most forms of armour.
You are cold-blooded and may be slowed by cold attacks.


Message History

The small abomination barely misses you.
The small abomination barely misses you.
Found a scroll labeled VIRPHE FOEDOUTU.
The small abomination misses you.
There is an open door here.
The small abomination closely misses you.
There is an open door here.
The small abomination hits you!!
Ouch! That really hurt!
There is an open door, spattered with blood here.
The small abomination misses you.
A raiju comes into view.
The raiju barks!
Found a twisted lead wand.
The raiju bursts into living lightning!
The living lightning misses you.
The raiju blinks! x2
The raiju bursts into living lightning!
The living lightning hits you!
Ouch! That really hurt!
You die...

## .# . #. #. . #..
#.# .#ยง. ..#
##..##..##
#.#.##.........
#............. #@.#
# ######
###..##..## # ...#
###xh.......
#....###.#......./.
#....'....#..##..##
#....######..# ..#
#.... ..... ... ###
'# # ...... .. # #
....# #..##..#


You could see a raiju and a small abomination.

Vanquished Creatures
  2 adders
  3 oozes
  A worm (D:2)
  A dart slug (D:1)
  4 giant geckos
  4 orcs (D:3)
  9 bats
  A giant cockroach (D:1)
  3 goblins
  2 hobgoblins
  10 kobolds
  2 quokkas (D:2)
  A ball python (D:2)
  2 giant newts (D:2)
  6 rats
51 creatures vanquished.

Notes
Turn   | Place    | Note
--------------------------------------------------------------
     0 | D:1      | st0uf the Draconian Skald began the quest for the Orb.
     0 | D:1      | Reached XP level 1. HP: 17/17 MP: 3/3
   211 | D:1      | Reached skill level 3 in Charms
   211 | D:1      | Reached XP level 2. HP: 24/24 MP: 0/5
   653 | D:1      | Reached XP level 3. HP: 23/29 MP: 2/6
  1638 | D:2      | Found a stormy altar of Qazlal.
  1771 | D:2      | Reached XP level 4. HP: 28/37 MP: 3/7
  1904 | D:3      | Found a glowing silver altar of Zin.
  2200 | D:3      | Found a shattered altar of Ashenzari.
  2204 | D:3      | Found a blossoming altar of Fedhas.
  2226 | D:3      | Cast into level 1 of the Abyss (orc)
  2269 | Abyss:1  | Noticed a tentacled starspawn
  2272 | Abyss:1  | Noticed a small abomination
  2297 | Abyss:1  | Noticed a raiju
  2300 | Abyss:1  | Killed from afar by a raiju

Skill      XL: |  1  2  3 |
---------------+----------+-----
Charms         | 3 |  3.5
Dodging        | 2 |  2.4
Fighting       | |  2.5
Maces & Flails | |  2.4
Spellcasting   | |  2.3

Action                   |  1- 3 |  4- 6 || total
-------------------------+-------+-------++-------
Melee: Mace              |   118 |    29 ||   147
       Tailslap          |    11 |     5 ||    16
 Cast: Infusion          |    24 |     7 ||    31
  Eat: Chunk             |     3 |     2 ||     5
Armor: Skin              |    41 |     8 ||    49
Dodge: Dodged            |    78 |    27 ||   105
